 Dungeon Crawl Stone Soup version 0.18-a0-1570-gf60b0ab (webtiles) character file.

48 Duffy the Insei (level 3, 0/26 HPs)
             Began as a Demonspawn Transmuter on Mar 14, 2016.
             Slain by an adder (2 damage)
             ... on level 2 of the Dungeon.
             The game lasted 00:01:37 (1361 turns).

Duffy the Insei (Demonspawn Transmuter)             Turns: 1361, Time: 00:01:37

Health: 0/26       AC:  2    Str: 10    XL:     3   Next: 50%
Magic:  6/6        EV: 12    Int: 15    God:
Gold:   66         SH:  0    Dex: 13    Spells: 3 memorised, 0 levels left

rFire  . . .     SeeInvis +       - Unarmed
rCold  . . .     Gourm    .     b - +0 robe
rNeg   . . .     Faith    .     (no shield)
rPois  .         Spirit   .     (no helmet)
rElec  .         Dismiss  .     (no cloak)
rCorr  .         Reflect  .     (no gloves)
SustAt .         Harm     .     (no boots)
MR     .....                    (no amulet)
Stlth  +.........               (no ring)
                                l - ring of see invisible

@: lethally poisoned (0 -> -8), not resistant to hostile enchantments, very
unstealthy
A: powered by death 1
a: no special abilities


You were on level 2 of the Dungeon.
You were not hungry.

You visited 1 branch of the dungeon, and saw 2 of its levels.

You collected 66 gold pieces.


Innate Abilities, Weirdness & Mutations

You regenerate a little health from kills.


   Skills:
 - Level 1.0 Fighting
 - Level 1.7 Dodging
 + Level 3.9 Unarmed Combat
 - Level 2.0 Spellcasting
 - Level 2.0 Transmutations
 + Level 0.8 Poison Magic


You couldn't memorise any spells.
You knew the following spells:

 Your Spells              Type           Power        Failure   Level  Hunger
a - Beastly Appendage     Trmt           #.....       12%         1    #......
l - Spider Form           Trmt/Pois      #.........   43%         3    ###....
s - Sticks to Snakes      Trmt           #.......     14%         2    ###....

Inventory:

Missiles
 a - 12 arrows
Armour
 b - a +0 robe (worn)
Jewellery
 l - a ring of see invisible (left hand)
Scrolls
 e - 3 scrolls of remove curse {unknown}
 f - 2 scrolls of recharging {unknown}
 h - 3 scrolls of identify {unknown}
 i - a scroll of fear {unknown}
 n - 2 scrolls of enchant weapon {unknown}
Potions
 g - a potion of berserk rage {unknown}
 j - a potion of haste {unknown}
 m - 2 potions of curing {unknown}
 o - a potion of degeneration {unknown}
Books
 c - a book of Changes
Comestibles
 d - 2 bread rations
 k - 4 chunks of flesh

Dungeon Overview and Level Annotations

Branches:
Dungeon (2/15)

Altars:
Trog


Message History

You are too injured to fight recklessly!
You are too injured to fight recklessly!
You are too injured to fight recklessly!
You are too injured to fight recklessly!
You are too injured to fight recklessly!
You are too injured to fight recklessly!
You are too injured to fight recklessly!
You are too injured to fight recklessly!
You are too injured to fight recklessly!
You are too injured to fight recklessly!
You are too injured to fight recklessly!
You are too injured to fight recklessly!
You are too injured to fight recklessly!
You are too injured to fight recklessly!
You are too injured to fight recklessly!
You are too injured to fight recklessly!
You are too injured to fight recklessly!
You are too injured to fight recklessly!
You are too injured to fight recklessly!
You are too injured to fight recklessly!
You barely miss the adder.
The adder is moderately wounded.
The bat hits you but does no damage. The adder bites you.
You closely miss the adder.
The adder is moderately wounded.
You feel sick. The bat closely misses you. The adder closely misses you.
You closely miss the adder.
The adder is moderately wounded.
The bat closely misses you. The adder bites you.
You are more poisoned.
The adder poisons you! The adder bites you but does no damage.
You hit the adder.
The adder is almost dead.
You feel sick. The bat barely misses you. The adder bites you.
You die...

#######.##
.......#.# ........#
#######.############
# #####.............
# #...........####
## # #.###.#####.#
.. . #
#.#####.####.#.$.. #
#.#.....b.@S....#
#............#....
###.###.###### # #.#
#.# # #.# ..# ###


You could see an adder and a bat.

Action                   || total
-------------------------++-------
Melee: Unarmed           ||   175
 Stab: Sleeping          ||     2
  Eat: Chunk             ||     2

Notes
Turn   | Place    | Note
--------------------------------------------------------------
     0 | D:1      | Duffy the Demonspawn Transmuter began the quest for the Orb.
     0 | D:1      | Reached XP level 1. HP: 15/15 MP: 3/3
    66 | D:1      | Reached skill level 2 in Transmutations
   205 | D:1      | Reached skill level 3 in Unarmed Combat
   205 | D:1      | Gained mutation: You regenerate a little health from kills. [demonic ancestry]
   205 | D:1      | Reached XP level 2. HP: 19/21 MP: 5/5
   311 | D:1      | Learned a level 2 spell: Sticks to Snakes
   707 | D:1      | Reached XP level 3. HP: 23/26 MP: 6/6
   712 | D:1      | Learned a level 3 spell: Spider Form
  1069 | D:2      | Found a bloodstained altar of Trog.
  1250 | D:2      | Found a faded altar to an unknown god.
  1361 | D:2      | Slain by an adder

Vault maps used:
D:1:      elethiomel_arrival_shortcut
D:2:      ecumenical_altar_2, bloody_trog

Vanquished Creatures
  A worm
  2 dart slugs
  2 giant geckos
  3 giant cockroaches
  2 goblins
  2 hobgoblins
  3 jackals
  5 kobolds
  9 bats
  2 giant newts
  5 rats
36 creatures vanquished.
